 Dungeon Sprint DCSS version 0.31.0-32-g396128a36d (webtiles) character file.

Game seed: 12271089555528292989

13235 Groucho the Geomancer (level 11, -25/55 HPs)
             Began as a Spriggan Earth Elementalist on Mar 22, 2024.
             Was the Champion of Sif Muna.
             Annihilated by a death cob (31 damage)
             ... in the Dungeon (Sprint VII: "The Pits").
             The game lasted 00:17:56 (9363 turns).

Groucho the Geomancer (Spriggan Earth Elementalist) Turns: 9363, Time: 00:17:57

Health: -25/55     AC:  6    Str:  4    XL:     11   Next: 72%
Magic:  14/29      EV: 19    Int: 23    God:    Sif Muna [******]
Gold:   0          SH:  0    Dex: 17    Spells: 12/36 levels left

rFire   . . .        h - +2 dagger
rCold   . . .        (no shield)
rNeg    . . .        a - +0 robe
rPois   .            (helmet restricted)
rElec   .            r - +0 cloak
rCorr   .            (gloves unavailable)
SInv    +            (boots unavailable)
Will    +....        (no amulet)
Stlth   ++++         m - +3 ring of intelligence
HPRegen 0.29/turn    n - +3 ring of protection
MPRegen 0.21/turn

%: no teleportation
@: slowed, quick
A: very small, no large weapons, unfitting armour, see invisible, speed 3
a: Renounce Religion, Channel Magic, Forget Spell, Divine Exegesis


You were in the Dungeon.
You worshipped Sif Muna.
Sif Muna was exalted by your worship.
You visited 1 branch

Inventory:

Hand Weapons
 h - a +2 dagger (weapon)
 q - a +2 rapier of distortion
Armour
 a - a +0 robe (worn)
 r - a +0 cloak (worn)
Jewellery
 m - a +3 ring of intelligence (left hand)
 n - a +3 ring of protection (right hand)
Scrolls
 j - 2 scrolls of vulnerability
 k - 5 scrolls of amnesia
 l - a scroll of butterflies
Potions
 b - 5 potions of magic
 c - 6 potions of curing
 d - 6 potions of heal wounds
 e - a potion of haste
 f - 6 potions of berserk rage
 i - 2 potions of invisibility
 o - a potion of might
 p - 2 potions of mutation


   Skills:
 - Level 5.0 Fighting
 - Level 5.0 Short Blades
 - Level 5.0 Dodging
 - Level 7.0 Stealth
 + Level 13.3 Spellcasting
 * Level 12.0 Conjurations
 + Level 6.9 Necromancy
 * Level 14.4 Earth Magic
 + Level 9.8 Alchemy
 - Level 10.0 Invocations


You had 12 spell levels left.
You knew the following spells:

 Your Spells              Type           Power      Damage    Failure   Level
a - Sandblast             Erth           100%       2d20      0%          1
b - Stone Arrow           Conj/Erth      100%       3d13      1%          3
c - Petrify               Alch/Erth      63%        N/A       1%          4
d - Borgnjor's Vile Clut  Necr/Erth      29%        N/A       1%          5
e - Lee's Rapid Deconstr  Erth           34%        3d17*     1%          5
f - Bombard               Conj/Erth      33%        9d6       2%          6

Your spell library contained the following spells:

 Spells                   Type           Power      Damage    Failure   Level
 Magic Dart               Conj           100%       1d8       1%          1
 Shock                    Conj/Air       100%       1d9       1%          1
 Mercury Vapours          Alch/Air       74%        N/A       1%          2
 Searing Ray              Conj           100%       2d8       1%          2
 Sublimation of Blood     Necr           47%        N/A       1%          2
 Dazzling Flash           Conj/Hex       86%        N/A       1%          3
 Passwall                 Erth           69%        N/A       1%          3
 Vampiric Draining        Necr           47%        2d9       1%          3
 Brom's Barrelling Bould  Conj/Erth      66%        2d8       1%          4
 Fulminant Prism          Conj/Alch      30%        3d15      1%          4
 Leda's Liquefaction      Alch/Erth      31%        N/A       1%          4
 Flame Wave               Conj/Fire      43%        2d11      3%          4
 Iskenderun's Mystic Bla  Conj/Tloc      43%        2d10      3%          4
 Apportation              Tloc           30%        N/A       4%          1
 Blink                    Tloc           30%        N/A       6%          2
 Call Imp                 Summ           30%        N/A       6%          2
 Ensorcelled Hibernation  Hex/Ice        30%        N/A       6%          2
 Jinxbite                 Hex            30%        N/A       6%          2
 Lesser Beckoning         Tloc           30%        N/A       6%          2
 Anguish                  Hex/Necr       15%        N/A       10%         4
 Arcjolt                  Conj/Air       21%        1d31      10%         5
 Fireball                 Conj/Fire      21%        3d10      10%         5
 Confusing Touch          Hex            15%        N/A       12%         3
 Inner Flame              Hex/Fire       15%        N/A       12%         3
 Teleport Other           Tloc           15%        N/A       12%         3
 Freezing Cloud           Conj/Ice/Air   16%        6-21      22%         5
 Summon Blazeheart Golem  Fire/Summ      15%        N/A       38%         4
 Metabolic Englaciation   Hex/Ice        7%         N/A       75%         5
 Lehudib's Crystal Spear  Conj/Erth      33%        10d8      75%         8
 Discord                  Hex            7%         N/A       100%        8
 Death's Door             Necr           23%        N/A       100%        9


Dungeon Overview and Level Annotations

Branches:
Dungeon (1/1)

Altars:
Ashenzari
Cheibriados
Dithmenos
Elyvilon
Fedhas
Gozag
Hepliaklqana
Kikubaaqudgha
Makhleb
Nemelex Xobeh
Okawaru
Qazlal
Ru
Sif Muna
Trog
Uskayaw
Vehumet
Wu Jian
Xom
Yredelemnul
Zin
The Shining One
Jiyva
Lugonu


Innate Abilities, Weirdness & Mutations

You are very small and have problems with some larger weapons.
You are too small for most types of armour.
You have supernaturally acute eyesight. (SInv)
You cover ground extremely quickly. (Speed+++)


Message History

Press: ? - help, Dir - move target, p - death cob A metal wall.
Okay, then.
Casting: Lee's Rapid Deconstruction (dangerous; 1% risk of failure)
Confirm with . or Enter, or press ? or * to list all spells.
Aiming: Bombard (dangerous; 2% risk of failure)
Press: ? - help, Shift-Dir - straight line, f/p - death cob
Aim: a death cob (constricted by zombie hands, 84% to hit)
The iron shot hits the death cob!!
The death cob is moderately damaged.
The blast sends you backwards.
The zombie hands constrict the death cob.
The death cob escapes!
The death cob hits you!! The death cob drains your vigour!
You feel yourself slow down.
Unknown command.
Casting: Bombard (dangerous; 2% risk of failure)
Confirm with . or Enter, or press ? or * to list all spells.
Aiming: Borgnjor's Vile Clutch (dangerous; 1% risk of failure)
Press: ? - help, Shift-Dir - straight line, f/p - death cob
Aim: a death cob (moderately damaged, 100% to hit)
Zombie hands grab the death cob.
The zombie hands constrict the death cob, but do no damage.
The death cob completely misses you. The death cob closely misses you.
The death cob hits you!!
* * * LOW HITPOINT WARNING * * *
Unknown command.
The zombie hands constrict the death cob.
The death cob struggles to escape constriction. x2
The death cob escapes!
You see here a +0 long sword.
Unknown command.
Unknown command.
Okay, then.
You feel much better. The death cob hits you!!
* * * LOW HITPOINT WARNING * * *
The death cob drains your vigour!
You feel as though you will be slow longer.
The death cob misses you. The death cob hits you!!
Ouch! That really hurt!
You die...

####)'###### ..##''# #####
######## ###
..##..###...###..'...# ...
..##..)##...##..##...### ....
..###...##'##..###...'.## .zD.
..# ##...)).....##...#..## ....#
..###..###)###...##'##...###...##
..##..##.....##..#...#...#.......
####..'.).....')@z...'...'.......
####..##..)..##..#...#...#.......
[[###..###)###...##'##...###...##
.[# ##..........##...#..## ....#
.)###...##'##..###...'.## ....
))##).)##...##..##...### ....
))##..###...###..'...# ... ######
##### ######## ###


You could see a death cob.

Vanquished Creatures
  Josephine (D)
  8 skeletal warriors (D)
  A flayed ghost (D)
  An orc knight (D)
  2 bog bodies (D)
  2 phantasmal warriors (D)
  A manticore (D)
  A rust devil (D)
  A smoke demon (D)
  A molten gargoyle (D)
  A gargoyle (D)
  An unseen horror (D)
  An efreet (D)
  A guardian mummy (D)
  A tarantella (D)
  3 blink frogs (D)
  5 dream sheep (D)
  A fire bat (D)
  6 wraiths (D)
  An orc warrior (D)
  An ice beast (D)
  3 centaurs (D)
  A crocodile (D)
  An earth elemental (D)
  A necrophage (D)
  A scorpion (D)
  A hound (D)
  A jelly (D)
  An iguana (D)
  A gnoll (D)
  An adder (D)
  2 ufetubi (D)
  An adder zombie (D)
  A dart slug (D)
  5 orcs (D)
  2 endoplasms (D)
  2 giant cockroaches (D)
  A goblin (D)
  4 hobgoblins (D)
  5 jackals (D)
  A quokka (D)
  A ball python skeleton (D)
  A kobold (D)
  A quokka zombie (D)
80 creatures vanquished.

Notes
Turn   | Place    | Note
-------+----------+-------------------------------------------
     0 | D        | Groucho the Spriggan Earth Elementalist began the quest for
                  | the Orb.
     0 | D        | Reached XP level 1. HP: 9/9 MP: 5/5
    13 | D        | Reached skill level 1 in Conjurations
    13 | D        | Reached skill level 3 in Earth Magic
    39 | D        | Found a glowing golden altar of the Shining One.
    39 | D        | Found a glowing silver altar of Zin.
    39 | D        | Found a basalt altar of Yredelemnul.
    39 | D        | Found a shimmering altar of Xom.
    39 | D        | Found an ornate altar of the Wu Jian Council.
    39 | D        | Found a bloodstained altar of Trog.
    39 | D        | Found a shimmering blue altar of Sif Muna.
    39 | D        | Found a sacrificial altar of Ru.
    39 | D        | Found a stormy altar of Qazlal.
    39 | D        | Found an iron altar of Okawaru.
    39 | D        | Found a sparkling altar of Nemelex Xobeh.
    39 | D        | Found a burning altar of Makhleb.
    39 | D        | Found a viscous altar of Jiyva.
    39 | D        | Found a hazy altar of Hepliaklqana.
    39 | D        | Found an opulent altar of Gozag.
    39 | D        | Found a blossoming altar of Fedhas.
    39 | D        | Found a white marble altar of Elyvilon.
    39 | D        | Found a shadowy altar of Dithmenos.
    39 | D        | Found a snail-covered altar of Cheibriados.
    40 | D        | Found a radiant altar of Vehumet.
    40 | D        | Found a corrupted altar of Lugonu.
    41 | D        | Found an ancient bone altar of Kikubaaqudgha.
    41 | D        | Found a hide-covered altar of Uskayaw.
    41 | D        | Found a broken altar of Ashenzari.
    42 | D        | Became a worshipper of Sif Muna the Loreminder
   105 | D        | Noticed a scorpion
   287 | D        | Reached * piety under Sif Muna
   512 | D        | Reached XP level 2. HP: 12/13 MP: 4/7
   512 | D        | Reached ** piety under Sif Muna
   801 | D        | Reached skill level 1 in Invocations
   825 | D        | Reached *** piety under Sif Muna
   864 | D        | Reached skill level 4 in Earth Magic
  1078 | D        | Reached XP level 3. HP: 16/16 MP: 3/9
  1082 | D        | Learned a level 3 spell: Stone Arrow
  1303 | D        | Reached **** piety under Sif Muna
  1351 | D        | Reached ***** piety under Sif Muna
  1352 | D        | Reached skill level 5 in Spellcasting
  1352 | D        | Reached skill level 5 in Earth Magic
  1352 | D        | Reached XP level 4. HP: 21/21 MP: 8/12
  1499 | D        | Noticed a flayed ghost
  1527 | D        | Killed a flayed ghost
  1527 | D        | Received a gift from Sif Muna
  1528 | D        | Reached skill level 8 in Earth Magic
  1528 | D        | Reached skill level 5 in Invocations
  1528 | D        | Reached XP level 5. HP: 12/24 MP: 8/16
  1528 | D        | Reached XP level 6. HP: 14/28 MP: 8/17
  1528 | D        | Reached XP level 7. HP: 16/32 MP: 8/19
  1528 | D        | Got Sif Muna's Performing Successful Spellwork {god gift}
  1699 | D        | Learned a level 4 spell: Petrify
  1820 | D        | Reached skill level 1 in Alchemy
  2079 | D        | Noticed a phantasmal warrior
  2080 | D        | Noticed a tarantella
  2086 | D        | Killed a phantasmal warrior
  2087 | D        | Reached skill level 5 in Stealth
  2087 | D        | Reached skill level 9 in Earth Magic
  2087 | D        | Reached XP level 8. HP: 39/39 MP: 7/21
  2104 | D        | Killed a tarantella
  2125 | D        | Received a gift from Sif Muna
  2126 | D        | Reached skill level 5 in Dodging
  2126 | D        | Got Sif Muna's Parchment of Sparks and Destruction {god
                  | gift}
  2495 | D        | Noticed a bog body
  2507 | D        | Killed a bog body
  2508 | D        | Reached skill level 10 in Earth Magic
  2508 | D        | Reached XP level 9. HP: 44/44 MP: 11/23
  2828 | D        | Reached ****** piety under Sif Muna
  2829 | D        | Reached skill level 5 in Short Blades
  2829 | D        | Reached skill level 5 in Alchemy
  2835 | D        | Received a gift from Sif Muna
  2836 | D        | Reached skill level 10 in Spellcasting
  2836 | D        | Reached skill level 11 in Earth Magic
  2838 | D        | Got Sif Muna's Precepts of the Lithic Winter {god gift}
  2845 | D        | Learned a level 5 spell: Borgnjor's Vile Clutch
  3226 | D        | Noticed Josephine
  3227 | D        | Noticed a gargoyle
  3783 | D        | Killed Josephine
  3784 | D        | Reached skill level 1 in Necromancy
  3787 | D        | Reached XP level 10. HP: 25/51 MP: 20/25
  3794 | D        | Received a gift from Sif Muna
  3795 | D        | Reached skill level 5 in Fighting
  3795 | D        | Got Wuxis's Annotations on Incandescent Charms {god gift}
  3969 | D        | Noticed a bog body
  3969 | D        | Noticed an orc knight
  4244 | D        | Killed a gargoyle
  4460 | D        | Reached skill level 12 in Earth Magic
  5144 | D        | Killed a bog body
  5144 | D        | Received a gift from Sif Muna
  5145 | D        | Reached skill level 10 in Conjurations
  5145 | D        | Got Sif Muna's Discursus on Nonlocality and Enchantment
                  | {god gift}
  5177 | D        | Killed an orc knight
  5475 | D        | Noticed a smoke demon
  5475 | D        | Noticed a molten gargoyle
  5475 | D        | Noticed a manticore
  5475 | D        | Noticed a skeletal warrior
  5475 | D        | Noticed a skeletal warrior
  5475 | D        | Noticed a skeletal warrior
  5475 | D        | Noticed a skeletal warrior
  5475 | D        | Noticed a skeletal warrior
  5475 | D        | Noticed a skeletal warrior
  5512 | D        | Killed a molten gargoyle
  5538 | D        | Killed a skeletal warrior
  5832 | D        | Killed a skeletal warrior
  6133 | D        | Killed a skeletal warrior
  6134 | D        | Reached skill level 13 in Earth Magic
  6134 | D        | Reached XP level 11. HP: 55/55 MP: 5/27
  6137 | D        | Killed a skeletal warrior
  6138 | D        | Reached skill level 5 in Necromancy
  6140 | D        | Killed a skeletal warrior
  6350 | D        | Noticed a skeletal warrior
  6351 | D        | Received a gift from Sif Muna
  6352 | D        | Got Sif Muna's Omnibus of the Ironbound Squall {god gift}
  6441 | D        | Reached skill level 10 in Invocations
  7491 | D        | Killed a skeletal warrior
  7707 | D        | Killed a skeletal warrior
  7707 | D        | Received a gift from Sif Muna
  7708 | D        | Reached skill level 14 in Earth Magic
  7708 | D        | Got Acoupte's Vellum of Lethal Profane Secrets {god gift}
  7902 | D        | Noticed a skeletal warrior
  7918 | D        | Killed a skeletal warrior
  8916 | D        | Learned a level 5 spell: Lee's Rapid Deconstruction
  8923 | D        | Learned a level 6 spell: Bombard
  8928 | D        | Noticed a death cob
  8929 | D        | Noticed a phantasmal warrior
  8944 | D        | Killed a phantasmal warrior
  9363 | D        | Annihilated by a death cob

Illustrated notes

Levels and vault maps discovered:
D:        pitsprint [storerooms_1, entrance_room_1, metal_vault_5, armoury_3,
          mini_pit_1, grid_room_1, main_hall_1, silver_pit, the_coven_1,
          the_vestibule_1, steel_vault_5, golden_pit, hallway_of_sentries,
          crystal_vault_2, iron_vault_4, final_vault]

Skill      XL: |  1  2  3  4  5  6  7  8  9 10 11 |
---------------+----------------------------------+-----
Conjurations   | 1 3 6 7 8 9 10 12 | 12.0
Earth Magic    | 3 4 5 8 9 10 11 13 14 | 14.4
Spellcasting   | 3 4 5 7 8 9 10 11 13 | 13.3
Invocations    | 2 5 6 7 8 9 10 | 10.0
Dodging        | 4 5 |  5.0
Alchemy        | 2 4 6 8 9 |  9.8
Fighting       | 2 3 4 5 |  5.0
Short Blades   | 2 4 5 |  5.0
Stealth        | 5 7 |  7.0
Necromancy     | 2 4 6 |  6.9

Action                     |  1- 3 |  4- 6 |  7- 9 | 10-12 || total
---------------------------+-------+-------+-------+-------++-------
  Melee: Dagger            |     3 |       |    16 |     9 ||    28
   Cast: Sandblast         |    41 |     8 |     3 |       ||    52
         Stone Arrow       |       |       |    35 |    73 ||   108
         Petrify           |       |       |     5 |     9 ||    14
         Borgnjor's Vile C |       |       |       |    34 ||    34
         Bombard           |       |       |       |     4 ||     4
 Invoke: Channel Magic     |       |       |     2 |     5 ||     7
    Use: Potion            |       |       |     3 |     3 ||     6
         Scroll            |       |       |       |     1 ||     1
   Stab: Petrifying        |       |       |     4 |       ||     4
         Petrified         |       |       |     2 |     9 ||    11
         Sleeping          |       |       |     1 |       ||     1
 Armour: Robe              |     8 |     1 |    11 |    20 ||    40
  Dodge: Dodged            |    13 |     2 |    18 |    13 ||    46
